 Dungeon Crawl Stone Soup version 0.16.1-28-gcc2312f (webtiles) character file.

94 Golfball the Cudgeler (level 4, -9/29 HPs)
             Began as a Gargoyle Berserker on June 5, 2015.
             Was a Believer of Trog.
             Killed by divine providence
             ... invoked by an orc priest
              (14 damage)
             ... on level 3 of the Dungeon.
             The game lasted 00:07:43 (1473 turns).

Golfball the Cudgeler (Gargoyle Berserker)          Turns: 1473, Time: 00:07:43

Health: -9/29      AC: 10    Str: 21    XL:     4   Next: 63%
Magic:  4/4        EV: 10    Int:  8    God:    Trog [**....]
Gold:   112        SH:  0    Dex:  9    Spells: 0 memorised, 3 levels left

rFire  . . .     SeeInvis .     a - +0 mace
rCold  . . .     Clarity  .     d - +0 scale mail
rNeg   + . .     SustAb   .     (no shield)
rPois  ∞         Gourm    .     (no helmet)
rElec  +         Spirit   .     (no cloak)
rCorr  .         Warding  .     (no gloves)
rMut   .         Stasis   .     (no boots)
MR     .....                    (no amulet)
Stlth  ..........               (no ring)
                                (no ring)

@: not resistant to hostile enchantments, extremely unstealthy
A: negative energy resistance 1, electricity resistance, unbreathing,
petrification resistance, rot immunity, AC +3
a: Burn Spellbooks, Berserk, Trog's Hand, Renounce Religion


You were on level 3 of the Dungeon.
You worshipped Trog.
Trog was pleased with you.
You were not hungry.

You visited 1 branch of the dungeon, and saw 3 of its levels.

You collected 112 gold pieces.

Inventory:

Hand weapons
 a - a +0 mace (weapon)
 i - a +2 dagger of venom
Armour
 d - a +0 scale mail (worn)
Potions
 b - a potion of resistance
 e - a potion of curing {unknown}
 f - a potion of might {unknown}
 g - a potion of cancellation {unknown}
 l - 2 potions of magic {unknown}
Comestibles
 c - 2 bread rations
 h - 5 fruits
 j - a chunk of flesh
 k - 3 meat rations


   Skills:
 - Level 4.0 Fighting
 + Level 4.8 Maces & Flails
 - Level 2.1 Armour
 - Level 1.5 Dodging


You had 3 spell levels left.
You didn't know any spells.

Dungeon Overview and Level Annotations

Branches:
Dungeon (3/15)

Altars:
Elyvilon
Vehumet
Zin


Innate Abilities, Weirdness & Mutations

You are resistant to torment.
You are immune to poison.
Your stone body is very resilient (AC +3).
You resist negative energy.
You are resistant to electric shocks.
You can survive without breathing.
You are immune to petrification.
You are immune to rotting.


Message History

The orc priest's eyes start to glow.
The goblin misses you.
You sock the goblin!
You kill the goblin!
Trog accepts your kill.
The orc priest calls down the wrath of Beogh upon you.
Something smites you!
The goblin unwields an uncursed dagger.
The goblin wields a hunting sling.
The goblin shoots a stone.
The stone barely misses you.
You barely miss the goblin. The goblin closely misses you.
You hit the goblin.
You kill the goblin!
Trog accepts your kill.
The orc priest invokes the aid of Beogh against you.
Something smites you!
* * * LOW HITPOINT WARNING * * *
You completely miss the hobgoblin.
The orc priest mumbles some strange prayers to Beogh against you.
Something smites you!
You die...

. #.#.# g#.#.#
..#.#.# .....# #..$#
# #...#
###.#..S###########
.....o..gg@.....(...
###.#...###..##.###
#..............
#.##.#<.....#... #
#.######.# ## .. .#
##. # #. ##


You could see an orc priest, an adder, a hobgoblin and a goblin.

Vanquished Creatures
  3 adders (D:2)
  3 worms (D:2)
  2 giant geckos (D:2)
  3 bats
  A giant cockroach (D:2)
  11 goblins
  7 hobgoblins
  2 quokkas
  A ball python (D:2)
  6 jackals
  4 kobolds
  2 rats (D:2)
45 creatures vanquished.

Notes
Turn   | Place    | Note
--------------------------------------------------------------
     0 | D:1      | Golfball, the Gargoyle Berserker, began the quest for the Orb.
     0 | D:1      | Reached XP level 1. HP: 14/14 MP: 1/1
   271 | D:1      | Reached XP level 2. HP: 19/19 MP: 2/2
   601 | D:1      | Reached skill level 4 in Fighting
   699 | D:1      | Reached XP level 3. HP: 24/24 MP: 3/3
   747 | D:2      | Acquired Trog's second power
   816 | D:2      | Reached XP level 4. HP: 25/29 MP: 4/4
  1196 | D:2      | Found a glowing silver altar of Zin.
  1446 | D:2      | Found a radiant altar of Vehumet.
  1446 | D:2      | Found a white marble altar of Elyvilon.
  1473 | D:3      | Killed from afar by an orc priest

Action                   |  1- 3 |  4- 6 || total
-------------------------+-------+-------++-------
Melee: Mace              |   101 |    72 ||   173
Invok: Berserk           |     1 |       ||     1
       Trog's Hand       |     1 |       ||     1
  Use: Scroll            |       |     7 ||     7
  Eat: Chunk             |     1 |     2 ||     3
